 Dungeon Crawl Stone Soup version 0.30-b1-2-g02819fbbbe (webtiles) character file.

Game seed: 8757552764864783258

34 snakesoul the Shield-Bearer (level 3, -9/29 HPs)
             Began as a Formicid Fighter on May 31, 2023.
             Mangled by Terence
             ... wielding a +2 heavy morningstar
              (21 damage)
             ... on level 2 of the Dungeon.
             The game lasted 00:01:12 (850 turns).

snakesoul the Shield-Bearer (Formicid Fighter)       Turns: 850, Time: 00:01:13

Health: -9/29      AC:  6    Str: 22    XL:     3   Next: 50%
Magic:  3/3        EV:  9    Int:  7    God:
Gold:   52         SH:  5    Dex: 13    Spells: 2/2 levels left

rFire   . . .        a - +0 war axe
rCold   . . .        c - +0 buckler
rNeg    . . .        b - +0 scale mail
rPois   .            (helmet unavailable)
rElec   .            (no cloak)
rCorr   .            (no gloves)
SInv    +            (no boots)
Will    .....        (no amulet) Stlth
                     (no ring)
HPRegen 0.24/turn    (no ring)
MPRegen 0.08/turn

%: no passive effects
@: mighty
A: permanent stasis, dig shafts and tunnels, antennae 3, four strong arms
a: Dig, Shaft Self


You were on level 2 of the Dungeon.
You visited 1 branch of the dungeon, and saw 2 of its levels.

You collected 52 gold pieces.

Inventory:

Hand Weapons
 a - a +0 war axe (weapon)
Missiles
 e - 4 boomerangs
Armour
 b - a +0 scale mail (worn)
 c - a +0 buckler (worn)
Jewellery
 f - an amulet of magic regeneration
Scrolls
 g - 2 scrolls of teleportation {unknown}
 h - a scroll of butterflies {unknown}
 i - a scroll of blinking {unknown}
 j - a scroll of fog {unknown}
 k - 3 scrolls of identify {unknown}
Potions
 d - a potion of might


   Skills:
 + Level 3.6 Fighting
 + Level 2.3 Axes
 + Level 1.0 Throwing
 + Level 3.6 Armour
 + Level 4.3 Shields


You had 2 spell levels left.
You didn't know any spells.
Your spell library was empty.

Dungeon Overview and Level Annotations

Branches:
Dungeon (2/15)

Altars:
Trog

Annotations:
D:2 Terence


Innate Abilities, Weirdness & Mutations

You cannot be hasted, slowed, berserked, paralysed or teleported.
You can dig through walls and to a lower floor.
You have a pair of large antennae on your head. (SInv)
Your four strong arms can wield two-handed weapons with a shield.


Message History

The giant cockroach bites you but does no damage. x2
You slash the giant cockroach!
You kill the giant cockroach!
An adder comes into view.
The adder hisses angrily.
You see here a scroll labelled BIHEASH JIZAVU.
A rat comes into view.
You hit the adder.
The adder is heavily wounded.
The adder closely misses you. The adder bites you but does no damage.
You slash the adder!
You kill the adder!
Your Throwing skill increases to level 1!
The rat barely misses you.
You slash the rat!
You kill the rat!
No target in view!
g - 2 scrolls labelled BIHEASH JIZAVU (gained 1) Terence the Incautious comes into view.
He is wielding a +2 heavy morningstar.
Found a stone staircase leading down.
Terence shouts!
Terence is nearby!
Okay, then.
You hit Terence.
Terence is lightly wounded.
Terence barely misses you.
You closely miss Terence.
Terence is lightly wounded.
Terence hits you with a +2 heavy morningstar!!
Ouch! That really hurt!
You are too injured to fight recklessly!
You are too injured to fight recklessly!
You are too injured to fight recklessly!
You feel very mighty all of a sudden. You block Terence's attack.
You barely miss Terence.
Terence is lightly wounded.
Terence hits you with a +2 heavy morningstar!!
Ouch! That really hurt!
You die...

#>..#......#..........#
#...#......#..........#
#..........#...........
...........#.......#...
.........#.......#...
.........#.......#...
###......†#######...
##..###.......####......
......@@........##......
.................#......
........................
..##....................
..##....................
.......................
...........##+#......##
.......(..........####
..###†..##.......####


You could see Terence.

Vanquished Creatures
  An adder (D:2)
  3 dart slugs
  A ball python (D:1)
  A bat (D:2)
  2 endoplasms (D:1)
  A giant cockroach (D:2)
  A goblin (D:1)
  3 kobolds (D:1)
  A quokka (D:2)
  5 rats
19 creatures vanquished.

Notes
Turn   | Place    | Note
-------+----------+-------------------------------------------
     0 | D:1      | snakesoul the Formicid Fighter began the quest for the Orb.
     0 | D:1      | Reached XP level 1. HP: 18/18 MP: 1/1
   163 | D:1      | Reached XP level 2. HP: 19/24 MP: 2/2
   316 | D:1      | Found a faded altar of an unknown god.
   751 | D:2      | Reached XP level 3. HP: 29/29 MP: 3/3
   789 | D:2      | Found a bloodstained altar of Trog.
   833 | D:2      | Reached skill level 1 in Throwing
   842 | D:2      | Noticed Terence
   850 | D:2      | Mangled by Terence

Illustrated notes

Levels and vault maps discovered:
D:1:      tarquinn_simple_flora_water_b, layout_basic,
          hellmonk_ecumenical_altar_inner_sanctum, minmay_liquid_box,
          eino_curves_04, nicolae_titane
D:2:      layout_basic, basic_altar, minivault_23, uniq_terence

Skill      XL: |  1  2  3 |
---------------+----------+-----
Throwing       | 1 |  1.0
Fighting       | |  3.6
Axes           | |  2.3
Armour         | |  3.6
Shields        | |  4.3

Action                     || total
---------------------------++-------
  Melee: War axe           ||    44
    Use: Potion            ||     1
 Armour: Scale mail        ||    26
  Dodge: Dodged            ||    19
  Block: Buckler           ||    10
